 Dungeon Crawl Stone Soup version 0.20-a0-738-gb057e68 (webtiles) character file.

46 krabocopter the Skirmisher (level 3, -1/20 HPs)
             Began as a Vine Stalker Fighter on Feb 23, 2017.
             Slain by a gnoll
             ... wielding a +0 flail
              (7 damage)
             ... on level 2 of the Dungeon.
             The game lasted 00:03:02 (1165 turns).

krabocopter the Skirmisher (Vine Stalker Fighter)   Turns: 1165, Time: 00:03:02

Health: -1/20      AC:  6    Str: 23    XL:     3   Next: 66%
Magic:  0/4        EV:  7    Int:  8    God:
Gold:   58         SH:  9    Dex: 14    Spells: 2/2 levels left

rFire    . . .     SeeInvis .   a - +0 long sword
rCold    . . .     Gourm    .   b - +0 scale mail
rNeg     . . .     Faith    .   c - +0 shield
rPois    .         Spirit   +   (no helmet)
rElec    .         Reflect  .   (no cloak)
rCorr    .         Harm     .   (no gloves)
MR       .....     Rnd*Tele +   (no boots)
Stlth    ..........             (no amulet)
Regen    0.1/turn               (no ring)
MPRegen  0.1/turn               g - ring of teleportation (curse)

@: mighty
A: fangs 2, magic shield, antimagic bite, no potion heal 3, rot immunity
a: no special abilities


You were on level 2 of the Dungeon.
You were not hungry.

You visited 1 branch of the dungeon, and saw 2 of its levels.

You collected 58 gold pieces.

Inventory:

Hand Weapons
 a - a +0 long sword (weapon)
Armour
 b - a +0 scale mail (worn)
 c - a +0 shield (worn)
Jewellery
 g - a cursed ring of teleportation (left hand)
Scrolls
 i - 2 scrolls of identify {unknown}
 l - a scroll of amnesia {unknown}
 m - 2 scrolls of teleportation {unknown}
Potions
 e - a potion of haste {unknown}
 h - a potion of mutation {unknown}
 j - a potion of heal wounds {unknown}
 k - a potion of curing {unknown}
Comestibles
 f - 4 bread rations


   Skills:
 + Level 3.2 Fighting
 * Level 3.0 Long Blades
 - Level 2.4 Armour
 - Level 2.6 Shields


You had 2 spell levels left.
You didn't know any spells.

Dungeon Overview and Level Annotations

Branches:
Dungeon (2/15)

Altars:


Innate Abilities, Weirdness & Mutations

You have extremely sharp teeth.
When hurt, damage is shared between your health and your magic reserves.
Your bite disrupts and absorbs the magic of your enemies.
Potions cannot restore your health.
You are immune to rotting.


Message History

You kill the hobgoblin!
You hit the gnoll. The gnoll hits you with a flail!
You block the gnoll's attack. The gnoll hits you with a flail.
You take 8 damage, and have 9/20 hp.
MASSIVE DAMAGE!!
You now have 3/4 mp.
You hit the gnoll.
The gnoll hits you but does no damage. x2
The gnoll hits you with a flail.
You take 1 damage, and have 8/20 hp.
You now have 2/4 mp.
Your scale mail prevents you from hitting the gnoll.
You block the gnoll's attack. x2
Your shield and scale mail prevent you from hitting the gnoll.
You bite the gnoll. You drain its power.
You feel invigorated.
The gnoll hits you from afar with a spear.
* * * LOW HITPOINT WARNING * * *
You block the gnoll's attack.
A gnoll comes into view. It is wielding a flail.
You take 3 damage, and have 6/20 hp.
You feel very mighty all of a sudden.
The gnoll shouts!
You block the gnoll's attack. The gnoll hits you with a flail!
You die...

# #..................##
# ..#
Sg..........#.##... #
..g#..#.##########......
#
.......g.)..............
#####.#
...#..####......##......
.....>.
.........)g.............
.......
......####......... .
#######
.......###.........
.......@ggS..>.....
.......############
....... ....... .......
#######


You could see 3 gnolls and an adder.

Vanquished Creatures
  2 oozes (D:1)
  A dart slug (D:1)
  2 leopard geckos (D:1)
  3 giant cockroaches (D:1)
  3 goblins
  7 hobgoblins
  5 kobolds
  3 bats
  A frilled lizard (D:1)
  5 rats
32 creatures vanquished.

Notes
Turn   | Place    | Note
-------+----------+-------------------------------------------
     0 | D:1      | krabocopter the Vine Stalker Fighter began the quest for the Orb.
     0 | D:1      | Reached XP level 1. HP: 11/11 MP: 2/2
     3 | D:1      | Noticed an electric eel
     3 | D:1      | Noticed an electric eel
    85 | D:1      | Reached XP level 2. HP: 11/16 MP: 3/3
   594 | D:1      | Reached XP level 3. HP: 20/20 MP: 4/4
  1165 | D:2      | Slain by a gnoll

Vault maps used:
D:1:      arrival_aquarium_b, kennysheep_boxes
D:2:      lemuel_blue_sif_altar, lemuel_round_altar, corner_web_ring

Skill      XL: |  1  2  3 |
---------------+----------+-----
Long Blades    | 2 3 |  3.0
Fighting       | 3 |  3.2
Armour         | |  2.4
Shields        | |  2.6

Action                   || total
-------------------------++-------
Melee: Long sword        ||    78
       Bite              ||    27
  Use: Potion            ||     1
  Eat: Chunk             ||     1
Armor: Scale mail        ||    33
Dodge: Dodged            ||    25
Block: Shield            ||    43
       Rpst.: Long sword ||     6
